 Dungeon Crawl Stone Soup version 0.22-a0-414-gacd343e8ff (webtiles) character file.

210638 Manul the Black Belt (level 18, -4/129 HPs)
             Began as a Demonspawn Monk on May 6, 2018.
             Was an Initiate of Gozag.
             Killed from afar by a shock serpent (20 damage)
             ... with a bolt of electricity
             ... on level 4 of the Snake Pit on May 13, 2018.
             The game lasted 01:29:11 (56387 turns).

Manul the Black Belt (Demonspawn Monk)             Turns: 56387, Time: 01:29:13

Health: -4/129     AC: 30    Str: 19    XL:     18   Next: 19%
Magic:  0/24       EV: 13    Int: 14    God:    Gozag
Gold:   1895       SH: 13    Dex: 21    Spells: 17/17 levels left

rFire    + + +     SeeInvis .     - Unarmed
rCold    + + +     Gourm    .   J - +0 shield {reflect}
rNeg     + . .     Faith    .   j - +9 scales of the Dragon King {rPois rF+ rC+ MR+}
rPois    +         Spirit   +   K - +0 hat {MR+}
rElec    .         Reflect  +   w - scarf {rC+ rF+}
rCorr    .         Harm     .   f - +0 pair of fencer's gloves {+Riposte Dex+3}
MR       ++++.                  (boots unavailable)
Stlth    ..........             l - amulet of guardian spirit
HPRegen  0.31/turn              p - ring of Ephemeral Luck {Str+3 Int+3}
MPRegen  0.19/turn              A - ring "Leceizar" {+Fly rF+ rC+ MR+}

@: repel missiles
A: hooves 3, repulsion field 3, foul stench 1, high mp 1, negative energy
resistance 1, powered by pain 3, weak 1, wild magic 1, evolution 1, rot immunity
}: 1/15 runes: decaying
a: Potion Petition, Call Merchant, Bribe Branch, Renounce Religion, Evoke Flight


You were on level 4 of the Snake Pit.
You worshipped Gozag.
Gozag was most pleased with you.
You were not hungry.

You visited 7 branches of the dungeon, and saw 33 of its levels.
You visited the Abyss 1 time.
You also visited: Sewer and Volcano.

You collected 12036 gold pieces.
You spent 3937 gold pieces at shops.
You paid 6204 gold pieces to Gozag.

Inventory:

Missiles
 H - 2 throwing nets (quivered)
Armour
 f - the +0 pair of fencer's gloves (worn) {+Riposte Dex+3}
   (You bought it in a shop on level 3 of the Lair of Beasts)

   It affects your dexterity (+3).
 j - the +9 scales of the Dragon King (worn) {rPois rF+ rC+ MR+}
   (You bought it in a shop on level 10 of the Dungeon)

   It protects you from fire.
   It protects you from cold.
   It protects you from poison.
   It affects your resistance to hostile enchantments.
 w - a scarf of resistance (worn)
 J - a +0 shield of reflection (worn)
 K - a +0 hat of magic resistance (worn)
Jewellery
 k - an uncursed ring of positive energy
 l - an amulet of guardian spirit (around neck)
 p - the ring of Ephemeral Luck (left hand) {Str+3 Int+3}
   (You acquired it on level 3 of the Snake Pit)

   [ring of intelligence]

   It affects your strength (+3).
   It affects your intelligence (+3).
 A - the ring "Leceizar" (right hand) {+Fly rF+ rC+ MR+}
   (You acquired it on level 11 of the Dungeon)

   [ring of flight]

   It protects you from fire.
   It protects you from cold.
   It affects your resistance to hostile enchantments.
   It lets you fly.
 N - a +2 ring of strength
Wands
 c - a wand of iceblast (6)
 h - a wand of disintegration (43)
 x - a wand of enslavement (23)
 y - a wand of scattershot (1)
 C - a wand of digging (12)
 E - a wand of paralysis (10)
Scrolls
 a - a scroll of acquirement
 d - a scroll of enchant weapon
 e - 2 scrolls of magic mapping
 g - 3 scrolls of teleportation
 q - 4 scrolls of amnesia
 r - 8 scrolls of identify
 s - a scroll of fear
 u - 4 scrolls of enchant armour
 v - 3 scrolls of fog
 z - 14 scrolls of remove curse
Potions
 b - 4 potions of flight
 i - a potion of heal wounds
 m - 5 potions of brilliance
 n - a potion of ambrosia {unknown}
 o - 6 potions of curing
 D - 2 potions of resistance
 M - a potion of agility
 O - 2 potions of might
 P - a potion of cancellation
Miscellaneous
 F - a fan of gales
 G - a phial of floods
 R - a fan of gales
Comestibles
 L - 6 rations


   Skills:
 + Level 7.8 Fighting
 * Level 14.9 Armour
 * Level 12.8 Dodging
 - Level 4.9 Stealth
 + Level 10.7 Shields
 + Level 18.4 Unarmed Combat
 - Level 6.2 Evocations


You had 17 spell levels left.
You didn't know any spells.
Your spell library contained the following spells:

 Spells                   Type           Power        Failure   Level  Hunger
 Fireball                 Conj/Fire      #.........   100%        5    ######.
 Conjure Flame            Conj/Fire      #.......     100%        3    ####...
 Confuse                  Hex            #.......     100%        3    ####...
 Throw Flame              Conj/Fire      #.....       100%        2    ###....
 Summon Small Mammal      Summ           #...         100%        1    ##.....
 Animate Dead             Necr           N/A          100%        4    #####..
 Sticky Flame             Conj/Fire      #.......     100%        4    #####..
 Summon Ice Beast         Ice/Summ       #.......     100%        4    #####..
 Call Imp                 Summ           #.......     100%        2    ###....
 Tukima's Dance           Hex            #.......     100%        3    ####...
 Corpse Rot               Necr           N/A          100%        2    ###....
 Stone Arrow              Conj/Erth      #.....       100%        3    ####...
 Recall                   Summ/Tloc      N/A          100%        3    ####...
 Spider Form              Tmut/Pois      #.........   100%        3    ####...
 Blade Hands              Tmut           #.........   100%        5    ######.
 Ice Form                 Ice/Tmut       #.......     100%        4    #####..
 Death Channel            Necr           #.........   100%        6    #######
 Confusing Touch          Hex            #.....       100%        1    ##.....
 Flame Tongue             Conj/Fire      #....        100%        1    ##.....
 Sticks to Snakes         Tmut           #.......     100%        2    ###....
 Call Canine Familiar     Summ           #.......     100%        3    ####...
 Ensorcelled Hibernation  Hex/Ice        #.....       100%        2    ###....
 Metabolic Englaciation   Hex/Ice        #.........   100%        5    ######.
 Corona                   Hex            #......      100%        1    ##.....
 Simulacrum               Ice/Necr       #.........   100%        6    #######
 Petrify                  Tmut/Erth      #.......     100%        4    #####..
 Leda's Liquefaction      Hex/Erth       #.........   100%        4    #####..
 Summon Hydra             Summ           #.........   100%        7    #######
 Inner Flame              Hex/Fire       #.......     100%        3    ####...
 Beastly Appendage        Tmut           #.....       100%        1    ##.....
 Dazzling Spray           Conj/Hex       #.....       100%        3    ####...
 Summon Forest            Summ/Tloc      #.........   100%        5    ######.
 Summon Lightning Spire   Summ/Air       #.......     100%        4    #####..
 Summon Guardian Golem    Hex/Summ       #.......     100%        3    ####...
 Hydra Form               Tmut           #.........   100%        6    #######
 Gell's Gravitas          Tloc           #.........   100%        3    ####...
 Yara's Violent Unravell  Hex/Tmut       #.........   100%        5    ######.
 Borgnjor's Vile Clutch   Necr/Erth      #.........   100%        5    ######.


Dungeon Overview and Level Annotations

Branches:
Dungeon (15/15)            Temple (1/1) D:6            Lair (6/6) D:10
  Swamp (4/4) Lair:3        Snake (4/4) Lair:4        Slime (0/5) Lair:6
    Orc (2/2) D:10            Elf (1/3) Orc:2        Vaults (0/5) D:13
 Depths (0/5) D:15

Altars:
Ashenzari
Cheibriados
Dithmenos
Elyvilon
Fedhas
Gozag
Hepliaklqana
Kikubaaqudgha
Makhleb
Nemelex Xobeh
Okawaru
Qazlal
Ru
Sif Muna
Trog
Uskayaw
Vehumet
Wu Jian
Xom
Yredelemnul
Zin
The Shining One
Beogh
Jiyva

Shops:
D:5 (   D:10 *[   D:12 }   D:14 *[%   Orc:2 !(?=   Lair:3 [*   Snake:3 [}%}

Annotations:
D:4 tmwh's ghost, novice GrFi
D:13 exclusion: ice statue
Elf:1 Frances


Innate Abilities, Weirdness & Mutations

You have hooves in place of feet.
You are surrounded by a strong repulsion field. (EV +4, RMsl)
You may emit foul miasma when damaged in melee.
You resist negative energy. (rN+)
You are powered by pain.
You are immune to rotting.
You have an increased reservoir of magic. (+10% MP)
You are weak. (Str -2)
Your spells are a little harder to cast, but a little more powerful.
You evolve.


Message History

The shock serpent is heavily wounded.
The shock serpent bites you but does no damage.
You barely miss the shock serpent. Your kick misses the shock serpent.
The shock serpent is heavily wounded.
The shock serpent bites you but does no damage.
You closely miss the shock serpent. Your kick misses the shock serpent.
The shock serpent is heavily wounded.
The shock serpent shoots out a bolt of lightning at you!
The bolt of electricity hits you!
* * * LOW HITPOINT WARNING * * *
The bolt of electricity misses you.
The bolt of electricity hits the shock serpent.
The shock serpent completely resists.
You pummel the shock serpent!! You kick the shock serpent.
The shock serpent is almost dead.
The shock serpent's electric aura discharges, shocking you!
The shock serpent shoots out a bolt of lightning at you!
The bolt of electricity hits you!
You die...
Your body crumbles into a pile of gold.

.♣.# #N(# ...# #######NN#
...# #.....$N.# ...###
####(##### #....###
####.###### ##....[###
#....)$)..#
.##..♣.'.#####..#####).#
..###..#........S............
##..#+##........@............
##........................S..
#######.######..#####..#.....
# #..# #..# #..#..... # #..#
#..# #..# .... # #..# #..#
#..# #... # #..# #..# $ #
#<.# ###..#####
######..####..........


You could see a shock serpent.

Vanquished Creatures
  A bone dragon (Swamp:4)
  A tentacled starspawn (Abyss:3)
  Gastronok (Lair:2)
  A thorn hunter (Swamp:2)
  Kirke (Swamp:1)
  Agnes (Snake:1)
  Donald (Snake:1)
  3 nagarajas (Snake:4)
  A red draconian (Volcano)
  2 ettins
  2 fire dragons (Lair:6)
  Harold (Orc:1)
  4 ogre magi
  A rakshasa (D:15)
  18 naga warriors
  A catoblepas (Lair:6)
  11 hydras
  3 centaur warriors
  2 ghost crabs (Swamp:4)
  17 two-headed ogres
  7 anacondas
  A death knight (D:13)
  7 alligators
  11 death yaks
  A tengu warrior (D:15)
  12 naga sharpshooters
  8 shock serpents
  2 deep elf knights
  A hell knight (D:15)
  A shadow wraith (Abyss:3)
  2 spriggan druids
  A shadow demon (Abyss:3)
  2 unseen horrors (D:14)
  A salamander mystic (Snake:2)
  A deep elf archer (Elf:1)
  8 naga ritualists
  2 deep trolls
  3 spectral hydras (Swamp:4)
  An orc knight (D:14)
  4 swamp dragons
  2 shambling mangroves (Swamp:3)
  2 phantasmal warriors (Swamp:4)
  2 wizards (D:13)
  A necromancer (D:13)
  14 ugly things
  The ghost of AnimeWaifu the Nimble, a novice FeTm of Cheibriados (D:10)
  8 mana vipers
  5 cyclopes
  3 wolf spiders (Lair:6)
  11 deep elf magi
  An orc sorcerer (Orc:1)
  4 manticores
  3 salamanders
  An oklob plant (Lair:1)
  6 komodo dragons
  2 centaur zombies
  5 elephants (Lair:6)
  A worldbinder (Abyss:3)
  Joseph (D:10)
  13 spiny frogs
  29 black mambas
  The ghost of oberejnoburuli the Carver, a novice MiFi (D:6)
  2 centaur skeletons
  A gargoyle (D:11)
  2 guardian serpents
  17 naga magi
  A hellion (Abyss:4)
  A rime drake (shapeshifter) (D:14)
  A kobold demonologist (D:12)
  2 torpor snails (Lair:6)
  14 rime drakes
  3 swamp worm zombies (Swamp:4)
  2 freezing wraiths (D:14)
  A tengu conjurer (D:15)
  An ancient zyme (Abyss:3)
  A meliai (shapeshifter) (D:15)
  13 trolls
  4 hydra zombies (Swamp:4)
  10 tyrant leeches
  A harpy skeleton (Abyss:3)
  6 slime creatures (Swamp:2)
  6 hornets
  8 bog bodies
  19 blink frogs
  4 raiju (Abyss:3)
  2 dream sheep (Lair:6)
  15 hippogriffs
  4 alligator zombies (Swamp:4)
  2 spectral swamp dragons (Swamp:4)
  3 spriggans
  A water elemental (Orc:2)
  A centaur simulacrum (D:15)
  3 shadows
  A vampire (D:11)
  3 wyverns
  30 yaks
  2 wraiths
  2 hogs (Swamp:1)
  A human (shapeshifter) (D:15)
  10 basilisks
  A chaos spawn (Abyss:3)
  A hog (shapeshifter) (Abyss:4)
  2 hungry ghosts
  2 small abominations (Abyss:3)
  10 vampire mosquitoes
  13 insubstantial wisps
  9 steam dragons
  2 acid dragons
  39 nagas
  15 swamp worms
  15 water moccasins
  17 ice beasts
  8 porcupines
  4 hornet zombies
  10 orc warriors
  2 black bears
  23 ogres
  An eye of draining (D:14)
  4 sky beasts
  3 swamp drakes (Lair:6)
  3 swamp dragon zombies (Swamp:4)
  16 wolves
  10 phantoms
  5 killer bees (D:11)
  17 centaurs
  21 crocodiles
  2 big kobolds
  10 bullfrogs
  2 earth elementals (D:14)
  A wyvern zombie (D:7)
  A wyvern skeleton (D:11)
  A water moccasin skeleton (D:7)
  5 scorpions
  4 electric eels
  A howler monkey (D:7)
  6 crimson imps
  3 quasits
  An iron imp (Abyss:3)
  3 jellies
  11 orc priests
  2 bullfrog zombies
  4 hounds
  12 orc wizards
  3 bullfrog skeletons
  3 iguanas
  3 spectral swamp drakes (Swamp:4)
  Ijyb (D:3)
  14 worker ants
  A killer bee zombie (D:8)
  A worker ant zombie (D:8)
  A howler monkey skeleton (D:7)
  11 adders
  2 river rats (D:3)
  2 shadow imps
  An ooze (D:3)
  An adder zombie (D:8)
  An adder skeleton (D:8)
  5 worms
  3 dart slugs
  6 leopard geckos
  66 orcs
  10 giant cockroaches
  13 goblins
  14 hobgoblins
  11 jackals
  15 kobolds
  4 quokkas
  5 ball pythons
  15 bats
  19 frilled lizards
  2 leopard gecko skeletons
  A leopard gecko zombie (D:6)
  A quokka skeleton (D:6)
  9 rats
  A plant (Lair:1)
  2 starspawn tentacles (Abyss:3)
1034 creatures vanquished.

Vanquished Creatures (collateral kills)
  A troll (D:9)
  A hornet (Swamp:3)
  A steam dragon (Lair:6)
3 creatures vanquished.

Vanquished Creatures (others)
  Vashnia (Snake:2)
  A two-headed ogre (D:10)
  A dancing weapon (Elf:1)
  A shock serpent (Snake:4)
  A naga sharpshooter (Snake:2)
  A deep elf archer (Elf:1)
  A bog body (Swamp:2)
  A wyvern (Abyss:3)
  A fire bat (Abyss:3)
  A steam dragon (Lair:6)
  A chaos spawn (Abyss:3)
  A killer bee (D:11)
  A jelly (D:15)
  An orc wizard (D:15)
  2 iguanas
  A kobold (D:13)
  3 fungi
  2 plants
  3 starspawn tentacles (Abyss:3)
25 creatures vanquished.

Grand Total: 1062 creatures vanquished

Notes
Turn   | Place    | Note
-------+----------+-------------------------------------------
     0 | D:1      | Manul the Demonspawn Monk began the quest for the Orb.
     0 | D:1      | Reached XP level 1. HP: 18/18 MP: 1/1
   110 | D:1      | Gained mutation: You sometimes gain a little power by taking damage. [demonic ancestry]
   110 | D:1      | Reached XP level 2. HP: 24/24 MP: 2/2
   574 | D:1      | Reached skill level 3 in Unarmed Combat
   843 | D:1      | Reached XP level 3. HP: 29/29 MP: 3/3
  1335 | D:2      | Found a faded altar of an unknown god.
  1783 | D:2      | Gained mutation: You have large cloven feet. [demonic ancestry]
  1783 | D:2      | Reached XP level 4. HP: 23/35 MP: 4/4
  2082 | D:2      | Upgraded the game from 0.22-a0-402-ga933591907 to 0.22-a0-407-gb098539405
  2739 | D:3      | Reached skill level 1 in Armour
  2912 | D:3      | Gained mutation: You are surrounded by a mild repulsion field. (EV +2) [demonic ancestry]
  2912 | D:3      | Reached XP level 5. HP: 17/41 MP: 3/5
  3096 | D:3      | Reached skill level 4 in Unarmed Combat
  3129 | D:3      | Found a glowing drain.
  3139 | Sewer    | Entered a sewer
  3489 | D:3      | Gained mutation: You are surrounded by a moderate repulsion field. (EV +3) [demonic ancestry]
  3489 | D:3      | Reached XP level 6. HP: 31/48 MP: 6/6
  3802 | D:3      | Noticed Ijyb
  3842 | D:3      | Killed Ijyb
  4824 | D:4      | Noticed tmwh's ghost (novice GrFi)
  4960 | D:4      | Reached skill level 5 in Unarmed Combat
  4972 | D:4      | Gained mutation: You have hoof-like feet. [demonic ancestry]
  4972 | D:4      | Reached XP level 7. HP: 26/53 MP: 2/7
  5373 | D:4      | Found a hazy altar of Hepliaklqana.
  5419 | D:5      | Entered Level 5 of the Dungeon
  5661 | D:5      | Reached skill level 1 in Shields
  5776 | D:5      | Found Quys's Antique Weapon Boutique.
  5824 | D:5      | Gained mutation: Your system is resistant to poisons. (rPois) [potion of mutation]
  5824 | D:5      | Gained mutation: Your magical capacity is low. (-10% MP) [potion of mutation]
  5824 | D:5      | Gained mutation: You are agile. (Dex +2) [potion of mutation]
  5824 | D:5      | Gained mutation: You are resistant to hostile enchantments. (MR+) [potion of mutation]
  6363 | D:5      | Reached skill level 6 in Unarmed Combat
  6643 | D:5      | Gained mutation: You have hooves in place of feet. [demonic ancestry]
  6643 | D:5      | Reached XP level 8. HP: 44/60 MP: 4/7
  7061 | D:6      | Noticed oberejnoburuli's ghost (novice MiFi)
  7341 | D:6      | Found a staircase to the Ecumenical Temple.
  7348 | Temple   | Entered the Ecumenical Temple
  7513 | Temple   | Became a worshipper of Gozag Ym Sagoz the Greedy
  7576 | D:6      | Killed oberejnoburuli's ghost
  7576 | D:6      | Reached skill level 7 in Unarmed Combat
  8124 | D:7      | Reached skill level 5 in Dodging
  8157 | D:7      | Gained mutation: You resist negative energy. (rN+) [demonic ancestry]
  8157 | D:7      | Reached XP level 9. HP: 52/65 MP: 6/8
  8781 | D:8      | Reached skill level 8 in Unarmed Combat
  8904 | D:8      | Found a glowing silver altar of Zin.
  9989 | D:10     | Entered Level 10 of the Dungeon
  9989 | D:10     | Found Onabaove's Assorted Antiques.
  9989 | D:10     | Noticed Joseph
 10036 | D:9      | Reached skill level 5 in Shields
 10358 | D:10     | Noticed a troll
 10395 | D:9      | Killed a troll
 10695 | D:10     | Reached skill level 9 in Unarmed Combat
 10695 | D:10     | Reached skill level 1 in Evocations
 10701 | D:10     | Noticed AnimeWaifu's ghost (novice FeTm)
 11190 | D:10     | Killed Joseph
 11190 | D:10     | Gained mutation: You are immune to rotting. [demonic ancestry]
 11190 | D:10     | Reached XP level 10. HP: 49/72 MP: 5/9
 11518 | D:10     | Found a staircase to the Orcish Mines.
 11772 | D:11     | Noticed a five-headed hydra
 11789 | D:11     | Killed a five-headed hydra
 11789 | D:11     | Reached skill level 10 in Unarmed Combat
 12072 | D:10     | Noticed a two-headed ogre
 12086 | D:10     | Killed a two-headed ogre
 12134 | D:10     | Noticed a two-headed ogre
 12140 | D:10     | Found a staircase to the Lair.
 12163 | D:10     | Killed a komodo dragon
 12442 | D:11     | Noticed a gargoyle
 12460 | D:11     | Killed a gargoyle
 12460 | D:11     | Reached XP level 11. HP: 44/78 MP: 10/10
 13013 | D:11     | Noticed a red ugly thing
 13026 | D:11     | Killed a red ugly thing
 13329 | D:11     | Reached skill level 11 in Unarmed Combat
 13741 | D:11     | Identified 2 scrolls of acquirement
 13899 | D:11     | Got a heavily runed silver ring
 13900 | D:11     | Identified the ring "Leceizar" {+Fly rF+ rC+ MR+} (You acquired it on level 11 of the Dungeon)
 14186 | D:12     | Reached skill level 5 in Fighting
 14543 | D:12     | Reached skill level 5 in Armour
 14720 | D:12     | Noticed a six-headed hydra
 14735 | D:12     | Killed a six-headed hydra
 15027 | D:12     | Noticed a white ugly thing
 15040 | D:12     | Killed a white ugly thing
 15301 | D:12     | Found Fuwese's Gadget Boutique.
 15923 | D:13     | Noticed a death knight
 17112 | D:13     | You fall through a shaft for 2 floors!
 17112 | D:15     | Entered Level 15 of the Dungeon
 17113 | D:15     | Noticed a centaur warrior
 17720 | D:14     | Found Zifeobrufoo's Pet Rocks.
 17805 | D:14     | Noticed a two-headed ogre
 17814 | D:14     | Killed a two-headed ogre
 17814 | D:14     | Reached skill level 12 in Unarmed Combat
 17877 | D:14     | Reached XP level 12. HP: 53/86 MP: 9/12
 18353 | D:14     | Noticed a centaur warrior
 18385 | D:14     | Killed a centaur warrior
 18751 | D:10     | Bought the +9 scales of the Dragon King {rPois rF+ rC+ MR+} for 1497 gold pieces
 18751 | D:10     | Found the +9 scales of the Dragon King {rPois rF+ rC+ MR+}
 18851 | D:13     | Noticed a two-headed ogre
 18865 | D:13     | Killed a two-headed ogre
 19028 | D:13     | Found a gate to the Vaults.
 19598 | D:13     | Noticed a centaur warrior
 19740 | D:13     | Killed a centaur warrior
 19757 | D:13     | Killed a death knight
 20885 | D:14     | Found a glowing silver altar of Zin.
 20951 | D:14     | Reached skill level 13 in Unarmed Combat
 21662 | D:14     | Gained mutation: You sometimes gain power by taking damage. [demonic ancestry]
 21662 | D:14     | Reached XP level 13. HP: 68/93 MP: 11/13
 21728 | D:13     | Upgraded the game from 0.22-a0-407-gb098539405 to 0.22-a0-412-g2b68d144a4
 22480 | Orc:1    | Entered Level 1 of the Orcish Mines
 22717 | Orc:2    | Entered Level 2 of the Orcish Mines
 22729 | Orc:2    | Found a roughly hewn altar of Beogh.
 23050 | Orc:1    | Found a dark tunnel.
 23055 | Volcano  | Entered a volcano
 23233 | Volcano  | Noticed a red draconian
 23245 | Volcano  | Killed a red draconian
 23560 | Orc:1    | Noticed Harold
 23596 | Orc:1    | Killed Harold
 23627 | Orc:1    | Reached skill level 14 in Unarmed Combat
 24196 | Orc:2    | Found Mitsoet's Magic Scroll Emporium.
 24394 | Orc:2    | Noticed an ettin
 24719 | Orc:2    | Found Azoe's Distillery.
 25376 | Orc:2    | Found Raleu's Jewellery Shoppe.
 25382 | Orc:2    | Found Fytsucef's Antique Weapon Emporium.
 25384 | Orc:2    | Found a staircase to the Elven Halls.
 25396 | Orc:2    | Bought 2 potions of heal wounds for 160 gold pieces
 25410 | Orc:2    | Gained mutation: You are powered by pain. [demonic ancestry]
 25410 | Orc:2    | Reached XP level 14. HP: 97/101 MP: 12/14
 25848 | D:10     | Killed AnimeWaifu's ghost
 25968 | Lair:1   | Entered Level 1 of the Lair of Beasts
 26842 | Lair:2   | Reached skill level 10 in Armour
 27525 | Lair:2   | Noticed Gastronok
 27545 | Lair:2   | Killed Gastronok
 27545 | Lair:2   | Reached skill level 15 in Unarmed Combat
 28883 | Lair:3   | Reached skill level 10 in Dodging
 29225 | Lair:3   | Found a staircase to the Swamp.
 29898 | Lair:4   | Found a staircase to the Snake Pit.
 31659 | Lair:6   | Entered Level 6 of the Lair of Beasts
 31659 | Lair:6   | Found a staircase to the Slime Pits.
 31659 | Lair:6   | Found a viscous altar of Jiyva.
 31789 | Lair:5   | Reached XP level 15. HP: 87/107 MP: 12/15
 32339 | Lair:6   | Reached skill level 16 in Unarmed Combat
 34578 | Orc:2    | Bought a scroll of acquirement for 780 gold pieces
 36114 | D:14     | Bought a ration for 50 gold pieces
 36114 | D:14     | Bought a ration for 50 gold pieces
 36114 | D:14     | Bought a ration for 50 gold pieces
 36114 | D:14     | Bought a ration for 50 gold pieces
 36114 | D:14     | Bought a ration for 50 gold pieces
 36114 | D:14     | Bought a ration for 50 gold pieces
 36337 | Swamp:1  | Entered Level 1 of the Swamp
 36537 | Lair:3   | Bought the +0 pair of fencer's gloves {+Riposte Dex+3} for 1200 gold pieces
 36537 | Lair:3   | Found the +0 pair of fencer's gloves {+Riposte Dex+3}
 37895 | D:15     | Found a staircase to the Depths.
 39104 | Swamp:1  | Noticed Kirke
 39111 | Swamp:1  | Killed Kirke
 39295 | Swamp:2  | Gained mutation: You may emit foul miasma when damaged in melee. [demonic ancestry]
 39295 | Swamp:2  | Reached XP level 16. HP: 38/115 MP: 8/16
 40132 | Swamp:2  | Noticed a thorn hunter
 40148 | Swamp:2  | Killed a thorn hunter
 40148 | Swamp:2  | Reached skill level 17 in Unarmed Combat
 41147 | Swamp:3  | Paralysed by a hornet for 2 turns
 41597 | Swamp:3  | Paralysed by a hornet for 1 turns
 41631 | Swamp:3  | Noticed a thorn hunter
 42086 | Swamp:4  | Entered Level 4 of the Swamp
 43599 | Swamp:4  | Noticed a bone dragon
 43656 | Swamp:4  | Killed a bone dragon
 43943 | Swamp:4  | Got a decaying rune of Zot
 44555 | Snake:1  | Entered Level 1 of the Snake Pit
 44797 | Snake:1  | Noticed Agnes
 44831 | Snake:1  | Killed Agnes
 45210 | Snake:1  | Reached skill level 5 in Evocations
 45261 | Snake:1  | Lost mutation: Your magical capacity is low. (-10% MP) [potion of mutation]
 45261 | Snake:1  | Lost mutation: You are agile. (Dex +2) [potion of mutation]
 45261 | Snake:1  | Gained mutation: Your spells are a little easier to cast, but a little less powerful. [potion of mutation]
 45261 | Snake:1  | Gained mutation: You are weak. (Str -2) [potion of mutation]
 45261 | Snake:1  | Gained mutation: You expend magic power (3 MP) to strengthen your wands. [potion of mutation]
 46472 | Snake:1  | Noticed Donald
 46478 | Snake:1  | Killed Donald
 46802 | Snake:2  | Cast into level 3 of the Abyss (naga warrior)
 47270 | Abyss:3  | Noticed a tentacled starspawn
 47283 | Abyss:3  | Killed a tentacled starspawn
 47283 | Abyss:3  | Gained mutation: You are surrounded by a strong repulsion field. (EV +4, RMsl) [demonic ancestry]
 47283 | Abyss:3  | Reached XP level 17. HP: 91/120 MP: 17/21
 47359 | Abyss:3  | Noticed a hellephant
 47373 | Abyss:4  | Noticed a bone dragon
 47375 | Abyss:4  | Lost mutation: You expend magic power (3 MP) to strengthen your wands. [potion of mutation]
 47375 | Abyss:4  | Lost mutation: You are resistant to hostile enchantments. (MR+) [potion of mutation]
 47375 | Abyss:4  | Lost mutation: Your spells are a little easier to cast, but a little less powerful. [potion of mutation]
 47375 | Abyss:4  | Lost mutation: Your system is resistant to poisons. (rPois) [potion of mutation]
 47375 | Abyss:4  | Gained mutation: You are dopey. (Int -2) [potion of mutation]
 47375 | Abyss:4  | Gained mutation: You evolve. [potion of mutation]
 47375 | Abyss:4  | Gained mutation: Your spells are a little harder to cast, but a little more powerful. [potion of mutation]
 47417 | Abyss:4  | Found a corrupted altar of Lugonu.
 47429 | Snake:2  | Escaped the Abyss
 47621 | Snake:1  | Lost mutation: You are dopey. (Int -2) [evolution]
 47794 | Elf:1    | Entered Level 1 of the Elven Halls
 48594 | Elf:1    | Noticed Frances
 49879 | Snake:2  | Noticed Vashnia
 49922 | Snake:2  | Killed Vashnia
 49966 | Snake:2  | HP: 4/120 [black mamba (4)]
 49975 | Snake:2  | HP: 6/120 [poisoned by a naga sharpshooter (splash of poison)]
 49983 | Snake:2  | HP: 5/120 [poisoned by a naga sharpshooter (splash of poison)]
 49991 | Snake:2  | HP: 6/120 [poisoned by a naga sharpshooter (splash of poison)]
 50534 | Snake:2  | Reached skill level 10 in Shields
 51758 | Snake:3  | Reached skill level 18 in Unarmed Combat
 52278 | Snake:2  | Gained mutation: You have an increased reservoir of magic. (+10% MP) [evolution]
 52279 | Snake:2  | Upgraded the game from 0.22-a0-412-g2b68d144a4 to 0.22-a0-414-gacd343e8ff
 53258 | Snake:3  | Found Mena's Food Emporium.
 53258 | Snake:3  | Found Wennuch's Gadget Shoppe.
 53259 | Snake:3  | Found Azxaelam's Gadget Emporium.
 53267 | Snake:3  | Found Surepum's Armour Shoppe.
 53320 | Snake:3  | Got a slimy lead ring
 53323 | Snake:3  | Identified the ring of Ephemeral Luck {Str+3 Int+3} (You acquired it on level 3 of the Snake Pit)
 53478 | Snake:4  | Entered Level 4 of the Snake Pit
 55188 | Snake:4  | Reached XP level 18. HP: 94/128 MP: 16/24
 56387 | Snake:4  | Killed from afar by a shock serpent

Vault maps used:
D:1:      lightli_arrival_statue_moat
D:2:      chequers_ecumenical_altar_island, first_ration,
          guppyfry_early_orc_mine
D:3:      kennysheep_the_goblin_king, cheibrodos_sewer_entry_sluice
D:4:      lemuel_doored_altar
D:5:      serial_shops, nicolae_shop_statue_plus
D:6:      minmay_temple_entry_butterflies, grunt_decor_fettered
D:8:      lemuel_round_altar
D:10:     david_lair_shrubbed, orc_0_dummy, serial_shops,
          nicolae_shop_overgrown_old_shop, uniq_joseph
D:12:     serial_shops, nicolae_shop_behind_doors
D:13:     minmay_twisted_water, david_vaults_1, the_bakery
D:14:     basic_altar, guppyfry_shop_earth
D:15:     hangedman_depths_entry_civil_slaughter, nicolae_sextant
Temple:   regret_index_temple_chain_breaker
Lair:1:   minmay_lair_oklob_chamber, infiniplex_staircase_pool
Lair:2:   uniq_gastronok
Lair:3:   minmay_swamp_entry_reptiles, beast_lair_carwin_4
Lair:4:   minmay_snake_entry_guardpost_small, kennysheep_basilisk_garden
Lair:6:   hangedman_lair_in_review, guppyfry_lair_end_dragon, slime_altar_1,
          bobbens_dragon_lair_wall
Swamp:1:  evilmike_swamp_ruin_house_6, swamp_pool3, uniq_kirke
Swamp:2:  evilmike_swamp_ruin_house_2
Swamp:3:  hangedman_swamp_blocks
Swamp:4:  swamp_pestilence, swamp_pool1, infiniplex_staircase_pool_2
Snake:1:  serial_bayou_pond_a, spider_trap, uniq_agnes, uniq_donald
Snake:2:  uniq_vashnia
Snake:3:  lemuel_fruit_tree, minmay_shoptagon
Snake:4:  snake_pit, grunt_megastairs_4
Orc:1:    nicolae_volcano_entry_s_turn, uniq_harold
Orc:2:    st_orc_open, basic_altar, mines_bat_river
Elf:1:    eino_elf_arrival_the_gate, hangedman_elf_represent, uniq_frances
Abyss:3:  hangedman_abyss_rune_macabre_mess
Abyss:4:  evilmike_abyss_exit_4, evilmike_nicolae_abyss_rune_containment_curve,
          minivault_1, hangedman_decor_lopped
Sewer:    sewer_frog_island_01
Volcano:  volcano_pools

Skill      XL: |  1  2  3  4  5  6  7  8  9 10 11 12 13 14 15 16 17 |
---------------+----------------------------------------------------+-----
Dodging        | 3 4 5 6 7 8 9 10 11 12 | 12.8
Unarmed Combat | 3 4 5 6 7 9 10 12 13 14 15 16 17 18 | 18.4
Stealth        | 2 3 4 |  4.9
Armour         | 1 2 3 4 5 7 9 11 12 13 14 | 14.9
Shields        | 2 3 5 7 8 9 10 | 10.7
Fighting       | 4 5 6 7 |  7.8
Evocations     | 1 2 5 6 |  6.2

Action                   |  1- 3 |  4- 6 |  7- 9 | 10-12 | 13-15 | 16-18 || total
-------------------------+-------+-------+-------+-------+-------+-------++-------
Melee: Unarmed           |   180 |   341 |   489 |   915 |  1997 |  1875 ||  5797
       Punch             |     1 |     7 |     7 |       |       |       ||    15
       Kick              |       |    80 |   192 |   355 |   849 |   823 ||  2299
       Whip              |       |       |     3 |       |       |       ||     3
Throw: Throwing net      |       |       |     2 |     2 |       |       ||     4
Invok: Call Merchant     |       |       |       |     1 |     4 |       ||     5
       Potion Petition   |       |       |       |     1 |       |     7 ||     8
 Abil: Evoke Flight      |       |       |       |     3 |       |       ||     3
Evoke: Wand              |       |       |     1 |     8 |    14 |     4 ||    27
       Phial of floods   |       |       |     1 |     1 |     2 |     3 ||     7
       Fan of gales      |       |       |       |       |       |     1 ||     1
  Use: Scroll            |       |     9 |     5 |    12 |    11 |    18 ||    55
       Potion            |       |     1 |     7 |     3 |     6 |    13 ||    30
 Stab: Sleeping          |     7 |     3 |     5 |    10 |       |       ||    25
       Invisible         |       |     3 |       |       |       |     5 ||     8
       Distracted        |       |     1 |     3 |     4 |    16 |     9 ||    33
       Held in net/web   |       |       |       |     2 |       |       ||     2
       Paralysed         |       |       |       |       |     3 |       ||     3
       Fleeing           |       |       |       |       |       |     1 ||     1
  Eat: Chunk             |     3 |    10 |     8 |       |       |       ||    21
       Ration            |       |       |     4 |    10 |    17 |    17 ||    48
Armor: Leather armour    |    69 |    95 |   126 |    70 |       |       ||   360
       Gold dragon scale |       |       |       |   187 |  1119 |   900 ||  2206
Dodge: Dodged            |   114 |   313 |   368 |   414 |   495 |   531 ||  2235
       Deflected         |       |       |       |       |       |    75 ||    75
Block: Shield            |       |       |   145 |   403 |  1009 |  1014 ||  2571
       Reflection        |       |       |       |       |       |    80 ||    80
       Rpst.: Unarmed    |       |       |       |       |    10 |    91 ||   101

Table legend:
 A = Spawn XP
 B = Non-spawn XP
 C = Spawn XP percentage of total XP
 D = Spawn monster count
 E = Non-spawn monster count
 F = Spawn count percentage of total count
 G = Total turns spent on level
                    A         B        C        D         E        F      G
               +---------+---------+-------+---------+---------+-------+---------
         Total |    7387 |  299209 |   2.4 |      18 |    1025 |   1.7 | 56387
               +---------+---------+-------+---------+---------+-------+---------
           D:1 |       0 |      41 |   0.0 |       0 |      24 |   0.0 |  1255
           D:2 |       0 |      82 |   0.0 |       0 |      35 |   0.0 |  1368
           D:3 |       0 |     382 |   0.0 |       0 |      47 |   0.0 |  1408
           D:4 |       0 |     254 |   0.0 |       0 |      12 |   0.0 |  1087
           D:5 |       0 |     639 |   0.0 |       0 |      25 |   0.0 |  1499
           D:6 |       0 |    1044 |   0.0 |       0 |      26 |   0.0 |  1229
           D:7 |       0 |     809 |   0.0 |       0 |      17 |   0.0 |   437
           D:8 |       0 |     527 |   0.0 |       0 |      15 |   0.0 |   479
           D:9 |       0 |     878 |   0.0 |       0 |       9 |   0.0 |  1842
          D:10 |       0 |    4438 |   0.0 |       0 |      26 |   0.0 |  1508
          D:11 |       0 |    5227 |   0.0 |       0 |      31 |   0.0 |  1891
          D:12 |       0 |    6283 |   0.0 |       0 |      42 |   0.0 |  3177
          D:13 |       0 |   13028 |   0.0 |       0 |      52 |   0.0 |  3548
          D:14 |       0 |   14513 |   0.0 |       0 |      35 |   0.0 |  3211
          D:15 |       0 |    7002 |   0.0 |       0 |      21 |   0.0 |  1005
        Lair:1 |       0 |    5341 |   0.0 |       0 |      26 |   0.0 |  1294
        Lair:2 |       0 |    6525 |   0.0 |       0 |      17 |   0.0 |  1209
        Lair:3 |       0 |    9620 |   0.0 |       0 |      38 |   0.0 |  1908
        Lair:4 |       0 |    3734 |   0.0 |       0 |      22 |   0.0 |   706
        Lair:5 |       0 |   11010 |   0.0 |       0 |      33 |   0.0 |  1571
        Lair:6 |       0 |   24670 |   0.0 |       0 |      64 |   0.0 |  2473
       Swamp:1 |       0 |    9377 |   0.0 |       0 |      25 |   0.0 |  1377
       Swamp:2 |       0 |   10499 |   0.0 |       0 |      28 |   0.0 |  1301
       Swamp:3 |       0 |    9204 |   0.0 |       0 |      21 |   0.0 |  1149
       Swamp:4 |       0 |   21584 |   0.0 |       0 |      59 |   0.0 |  2328
       Snake:1 |       0 |   16782 |   0.0 |       0 |      24 |   0.0 |  3192
       Snake:2 |       0 |   29083 |   0.0 |       0 |      47 |   0.0 |  2510
       Snake:3 |       0 |   18601 |   0.0 |       0 |      34 |   0.0 |  2841
       Snake:4 |       0 |   29704 |   0.0 |       0 |      48 |   0.0 |  1281
         Orc:1 |       0 |    5265 |   0.0 |       0 |      28 |   0.0 |  1973
         Orc:2 |       0 |   16736 |   0.0 |       0 |      51 |   0.0 |  2303
         Elf:1 |       0 |    8299 |   0.0 |       0 |      13 |   0.0 |   475
       Abyss:3 |    7193 |     722 |  90.9 |      17 |       3 |  85.0 |   571
       Abyss:4 |     194 |     576 |  25.2 |       1 |       2 |  33.3 |    56
         Sewer |       0 |      60 |   0.0 |       0 |      18 |   0.0 |   301
       Volcano |       0 |    6670 |   0.0 |       0 |       7 |   0.0 |   438
               +---------+---------+-------+---------+---------+-------+---------
